Canadiens vs Jets
(R1)
Created - February 20, 2020 at 22:45
Goals
|
| Canadiens |
1 |
2 |
1 |
4 |
| Jets |
0 |
1 |
2 |
3 |
|
Shots
|
| Canadiens |
7 |
11 |
15 |
33 |
| Jets |
12 |
11 |
9 |
32 |
|
1st period
1. Canadiens , Corey Perry 20 (Benoit Pouliot 29) at 4:02 (PP)
Penalties :
Derek Roy (Win) for Elbowing (Minor) at 3:47, Colton Parayko (Mon) for Tripping (Minor) at 16:27, Oscar Klefbom (Win) for Hooking (Minor) at 18:23
2nd period
2. Canadiens , Greg Stewart 20 (Raphael Diaz 19, Henrik Sedin 37) at 6:23 (PP)
3. Canadiens , Dustin Boyd 13 (Brett Maclean 7) at 12:45
4. Jets , Erik Haula 8 (Ryan Johansen 31, Tyler Myers 26) at 17:23 (PP)
Penalties :
Greg Stewart (Mon) for Holding (Minor) at 3:59, Tyler Myers (Win) for Holding (Minor) at 5:01, Pierre-Marc Bouchard (Mon) for Hooking (Minor) at 10:10, Marcus Johansson (Win) for Slashing (Minor) at 10:14, Henrik Sedin (Mon) for Holding (Minor) at 16:47
3rd period
5. Jets , Evgeny Dadonov 25 (Eric Gelinas 12, Derek Stepan 48) at 10:22
6. Canadiens , Brett Maclean 6 (Dustin Boyd 13) at 14:07
7. Jets , Derek Stepan 20 (Nino Niederreiter 21, Marcus Johansson 27) at 18:32 (PP)
Penalties :
Ronalds Kenins (Win) for Delaying the game (Minor) at 4:52, Dustin Boyd (Mon) for High sticking (Minor) at 11:24, Eric Gelinas (Win) for Hooking (Minor) at 15:30, Raphael Diaz (Mon) for Slashing (Minor) at 18:17
Goalie Stats
Henrik Lundqvist (Mon), 29 saves from 32 shots - (0.906), W, 22-11-7, 60:00 minutes
Kari Lehtonen (Win), 29 saves from 33 shots - (0.879), L, 9-10-1, 59:10 minutes
Players Stats for Canadiens
Player Name G A P +/- PIM S H SB GA TA FO MP PP MP PK MP
------------------------------------------------------------------------------------
Benoit Pouliot 0 1 1 0 0 1 2 0 0 0 1/3 18:26 2:57 2:09
Brett Maclean 1 1 2 2 0 2 1 1 1 0 0/0 11:33 0:00 0:51
Bryce Lampman 0 0 0 1 0 2 0 0 1 3 0/0 23:10 3:13 4:00
Colton Parayko 0 0 0 1 2 1 3 1 1 0 0/0 18:39 2:37 1:13
Corey Perry 1 0 1 0 0 2 3 0 1 0 3/5 18:01 2:56 0:39
Dustin Boyd 1 1 2 2 2 4 1 0 2 0 7/12 13:34 0:00 2:26
Enver Lisin 0 0 0 2 0 1 1 0 0 0 0/0 10:58 0:16 0:00
Frans Nielsen 0 0 0 0 0 8 2 0 1 0 2/8 20:17 3:26 1:30
Greg Stewart 1 0 1 0 2 2 2 2 0 0 2/2 18:21 3:26 0:15
Henrik Sedin 0 1 1 0 2 3 1 2 0 0 11/24 18:33 3:22 1:41
Mark Stuart 0 0 0 -1 0 0 1 0 1 0 0/0 25:57 1:03 2:43
Pierre-Marc Bouchard 0 0 0 -1 2 1 1 0 0 0 2/5 8:34 0:19 0:15
Raphael Diaz 0 1 1 -1 2 0 2 0 1 1 0/0 25:10 3:19 0:00
Scott Glennie 0 0 0 -1 0 0 0 0 0 0 0/0 6:45 0:00 0:00
Shaone Morrisonn 0 0 0 1 0 2 0 0 0 0 0/0 12:22 0:00 2:30
Steve Downie 0 0 0 0 0 4 2 0 0 0 1/2 19:41 2:57 2:32
Viktor Stalberg 0 0 0 -1 0 0 0 0 0 0 0/0 6:50 0:00 0:05
Vitaly Vishnevsky 0 0 0 1 0 0 2 0 1 2 0/0 14:16 3:19 0:39
Players Stats for Jets
Player Name G A P +/- PIM S H SB GA TA FO MP PP MP PK MP
------------------------------------------------------------------------------------
Brenden Morrow 0 0 0 -1 0 0 2 2 0 1 0/0 10:30 0:38 0:24
Derek Roy 0 0 0 0 2 4 1 0 0 0 3/5 9:00 0:19 0:00
Derek Stepan 1 1 2 1 0 6 0 0 0 0 16/31 18:54 2:59 0:06
Eric Gelinas 0 1 1 1 2 1 1 2 2 4 0/0 18:57 1:50 1:21
Erik Haula 1 0 1 1 0 4 1 0 2 0 5/8 20:15 2:46 3:50
Evgeny Dadonov 1 0 1 1 0 3 1 1 0 0 2/2 16:46 2:46 0:06
Jacob Trouba 0 0 0 -1 0 1 2 4 0 2 0/0 14:57 0:00 2:53
Jared Spurgeon 0 0 0 -1 0 0 0 2 0 1 0/0 11:44 0:00 0:00
Jason Akeson 0 0 0 -1 0 0 0 0 0 0 0/0 9:09 0:00 0:00
Kevin Hayes 0 0 0 0 0 2 3 0 0 0 0/0 9:04 0:54 0:00
Marco Scandella 0 0 0 -1 0 1 0 2 0 0 0/0 28:42 4:02 4:01
Marcus Johansson 0 1 1 -1 2 3 2 0 0 0 1/1 19:00 2:13 1:26
Nino Niederreiter 0 1 1 -1 0 4 4 0 0 0 1/2 18:33 2:12 2:13
Oscar Klefbom 0 0 0 1 2 1 0 2 1 0 0/0 19:28 1:49 1:36
Ronalds Kenins 0 0 0 0 2 0 0 0 0 0 0/0 11:13 0:14 2:50
Ryan Johansen 0 1 1 -1 0 1 2 0 1 0 3/10 17:40 1:42 2:06
Sam Gagner 0 0 0 -1 0 0 1 0 0 1 1/2 10:16 0:52 0:15
Tyler Myers 0 1 1 -1 2 1 3 2 0 1 0/0 26:13 4:01 3:25
3 Stars
1 - Brett Maclean (Mon)
2 - Dustin Boyd (Mon)
3 - Derek Stepan (Win)
Power Play
Canadiens - 2 on 6 Attempt(s) - 33.33%
Jets - 2 on 6 Attempt(s) - 33.33%
Penalty Kill
Canadiens - 4 on 6 Attempt(s) - 66.67%
- Score 0 goal in Penalty Kill
Jets - 4 on 6 Attempt(s) - 66.67%
- Score 0 goal in Penalty Kill
Team Stat
Canadiens - Hits : 24 - Faceoff Wins : 29 - Blocked Shots : 6 - Penalty Minutes : 12
Jets - Hits : 23 - Faceoff Wins : 32 - Blocked Shots : 17 - Penalty Minutes : 12
Official
Referees : Unknown
Linesman : Unknown
Game Notes
No Game Note
Finance
Level 1 -- Attendance: 6000 (100.00%) -- Ticket Income $624,000
Level 2 -- Attendance: 3971 (79.42%) -- Ticket Income $297,825
Level 3 -- Attendance: 1509 (75.45%) -- Ticket Income $69,414
Level 4 -- Attendance: 3773 (94.33%) -- Ticket Income $101,871
Luxury Box -- Attendance: 728 (72.80%) -- Ticket Income $138,320
Game was played at the MTS Center.
Total Attendance: 15981 (88.78%)
Total Ticket Income: $1,231,430
Other Income: $184,714
Total Income: $1,416,144
Canadiens
5 vs 5 Forward
Center Left Wing Right Wing Time % Phy DF OF
1 Henrik Sedin Benoit Pouliot Corey Perry 40 0 0 5
2 Frans Nielsen Greg Stewart Steve Downie 30 0 1 4
3 Dustin Boyd Brett Maclean Enver Lisin 20 0 1 4
4 Pierre-Marc Bouchard Viktor Stalberg Scott Glennie 10 1 2 2
5 vs 5 Defense
Defense Defense Time % Phy DF OF
1 Mark Stuart Raphael Diaz 40 0 3 2
2 Colton Parayko Bryce Lampman 30 0 3 2
3 Shaone Morrisonn Vitaly Vishnevsky 20 0 3 2
4 Mark Stuart Raphael Diaz 10 0 2 3
PowerPlay Forward
Center Left Wing Right Wing Time % Phy DF OF
1 Henrik Sedin Benoit Pouliot Corey Perry 60 1 2 2
2 Frans Nielsen Greg Stewart Steve Downie 40 1 2 2
PowerPlay Defense
Defense Defense Time % Phy DF OF
1 Raphael Diaz Colton Parayko 60 1 2 2
2 Vitaly Vishnevsky Bryce Lampman 40 1 2 2
Penalty Kill 4 Players Forward
Center Wing Time % Phy DF OF
1 Dustin Boyd Steve Downie 60 1 2 2
2 Frans Nielsen Greg Stewart 40 1 2 2
Penalty Kill 4 Players Defense
Defense Defense Time % Phy DF OF
1 Bryce Lampman Mark Stuart 60 1 2 2
2 Shaone Morrisonn Colton Parayko 40 1 2 2
Penalty Kill - 3 Players Forward
Forward Time % Phy DF OF
1 Henrik Sedin 60 1 2 2
2 Dustin Boyd 40 1 2 2
Penalty Kill - 3 Players Defense
Defense Defense Time % Phy DF OF
1 Bryce Lampman Raphael Diaz 60 1 2 2
2 Mark Stuart Vitaly Vishnevsky 40 1 2 2
4 vs 4 Forward
Center Wing Time % Phy DF OF
1 Pierre-Marc Bouchard Corey Perry 60 1 2 2
2 Henrik Sedin Frans Nielsen 40 1 2 2
4 vs 4 Defense
Defense Defense Time % Phy DF OF
1 Bryce Lampman Raphael Diaz 60 1 2 2
2 Mark Stuart Vitaly Vishnevsky 40 1 2 2
Last Minutes Offensive
Center Left Wing Right Wing Defense Defense
Henrik Sedin Benoit Pouliot Corey Perry Bryce Lampman Raphael Diaz
Last Minutes Defensive
Center Left Wing Right Wing Defense Defense
Frans Nielsen Greg Stewart Steve Downie Mark Stuart Shaone Morrisonn
Goaltenders
Starting : Henrik Lundqvist
Backup : Allen York
Extra Forwards
Normal : Corey Perry, Henrik Sedin, Frans Nielsen - PP : Corey Perry, Frans Nielsen - PK : Steve Downie
Extra Defensemen
Normal : Mark Stuart, Raphael Diaz, Bryce Lampman - PP : Bryce Lampman - PK : Raphael Diaz, Shaone Morrisonn
Penalty Shots
Henrik Sedin, Benoit Pouliot, Corey Perry, Steve Downie, Greg Stewart
Scratches
Nikolai Zherdev (Fractured Bone in Left Hand Injury)
Jets
5 vs 5 Forward
Center Left Wing Right Wing Time % Phy DF OF
1 Derek Stepan Erik Haula Evgeny Dadonov 36 1 2 2
2 Ryan Johansen Marcus Johansson Nino Niederreiter 32 1 2 2
3 Sam Gagner Brenden Morrow Jason Akeson 17 1 2 2
4 Derek Roy Ronalds Kenins Kevin Hayes 15 1 2 2
5 vs 5 Defense
Defense Defense Time % Phy DF OF
1 Marco Scandella Tyler Myers 40 2 2 1
2 Eric Gelinas Oscar Klefbom 30 1 2 2
3 Jared Spurgeon Jacob Trouba 20 0 2 3
4 Marco Scandella Tyler Myers 10 1 2 2
PowerPlay Forward
Center Left Wing Right Wing Time % Phy DF OF
1 Derek Stepan Marcus Johansson Nino Niederreiter 60 1 0 4
2 Ryan Johansen Erik Haula Evgeny Dadonov 40 0 0 5
PowerPlay Defense
Defense Defense Time % Phy DF OF
1 Marco Scandella Tyler Myers 60 0 1 4
2 Eric Gelinas Oscar Klefbom 40 1 2 2
Penalty Kill 4 Players Forward
Center Wing Time % Phy DF OF
1 Erik Haula Ronalds Kenins 60 1 3 1
2 Ryan Johansen Nino Niederreiter 40 2 3 0
Penalty Kill 4 Players Defense
Defense Defense Time % Phy DF OF
1 Marco Scandella Tyler Myers 60 1 4 0
2 Jacob Trouba Eric Gelinas 40 1 4 0
Penalty Kill - 3 Players Forward
Forward Time % Phy DF OF
1 Erik Haula 60 0 4 1
2 Nino Niederreiter 40 0 4 1
Penalty Kill - 3 Players Defense
Defense Defense Time % Phy DF OF
1 Marco Scandella Tyler Myers 60 0 4 1
2 Eric Gelinas Jacob Trouba 40 0 4 1
4 vs 4 Forward
Center Wing Time % Phy DF OF
1 Derek Stepan Marcus Johansson 60 1 2 2
2 Ryan Johansen Evgeny Dadonov 40 1 2 2
4 vs 4 Defense
Defense Defense Time % Phy DF OF
1 Marco Scandella Eric Gelinas 60 1 2 2
2 Tyler Myers Oscar Klefbom 40 1 2 2
Last Minutes Offensive
Center Left Wing Right Wing Defense Defense
Derek Stepan Marcus Johansson Evgeny Dadonov Oscar Klefbom Marco Scandella
Last Minutes Defensive
Center Left Wing Right Wing Defense Defense
Ryan Johansen Erik Haula Nino Niederreiter Marco Scandella Tyler Myers
Goaltenders
Starting : Kari Lehtonen
Backup : Jonathan Bernier
Extra Forwards
Normal : Nino Niederreiter, Erik Haula, Derek Roy - PP : Derek Stepan, Nino Niederreiter - PK : Nino Niederreiter
Extra Defensemen
Normal : Tyler Myers, Marco Scandella, Eric Gelinas - PP : Tyler Myers - PK : Marco Scandella, Eric Gelinas
Penalty Shots
Evgeny Dadonov, Erik Haula, Ryan Johansen, Sam Gagner, Marcus Johansson
Scratches
None
% Time on Ice - Canadiens
Lines # - Real PCT - Wanted PCT - Time Play
Normal Forward
1 - 30% - 40% - 13:00
2 - 30% - 30% - 13:01
3 - 25% - 20% - 10:42
4 - 16% - 10% - 6:45
Normal Defense
1 - 44% - 40% - 19:00
2 - 31% - 30% - 13:28
3 - 20% - 20% - 8:42
4 - 5% - 10% - 2:18
PP Forward
1 - 49% - 60% - 3:16
2 - 51% - 40% - 3:22
PP Defense
1 - 50% - 60% - 3:19
2 - 50% - 40% - 3:19
PK Forward
1 - 91% - 60% - 5:20
2 - 9% - 40% - 0:32
PK Defense
1 - 46% - 60% - 2:43
2 - 54% - 40% - 3:09
PK3 Forward
1 - 0% - 60%
2 - 0% - 40%
PK3 Defense
1 - 0% - 60%
2 - 0% - 40%
44 Forward
1 - 97% - 60% - 2:49
2 - 3% - 40% - 0:06
44 Defense
1 - 47% - 60% - 1:22
2 - 53% - 40% - 1:33
Last Minute Offensive - 0:00
Last Minute Defensive - 1:07
Total
Forward - 60:00
Defense - 60:00
|
% Time on Ice - Jets
Lines # - Real PCT - Wanted PCT - Time Play
Normal Forward
1 - 29% - 36% - 12:48
2 - 31% - 32% - 13:23
3 - 21% - 17% - 9:09
4 - 19% - 15% - 8:09
Normal Defense
1 - 37% - 40% - 15:57
2 - 32% - 30% - 14:00
3 - 27% - 20% - 11:44
4 - 4% - 10% - 1:48
PP Forward
1 - 38% - 60% - 2:14
2 - 62% - 40% - 3:38
PP Defense
1 - 69% - 60% - 4:02
2 - 31% - 40% - 1:50
PK Forward
1 - 82% - 60% - 5:26
2 - 18% - 40% - 1:12
PK Defense
1 - 56% - 60% - 3:41
2 - 44% - 40% - 2:57
PK3 Forward
1 - 0% - 60%
2 - 0% - 40%
PK3 Defense
1 - 0% - 60%
2 - 0% - 40%
44 Forward
1 - 98% - 60% - 2:52
2 - 2% - 40% - 0:03
44 Defense
1 - 62% - 60% - 1:48
2 - 38% - 40% - 1:07
Last Minute Offensive - 1:06
Last Minute Defensive - 0:00
Total
Forward - 60:00
Defense - 60:00
|
Play-by-Play
1st period
0:01 of 1st period - Henrik Sedin wins face-off versus Derek Stepan in neutral zone.
1:34 of 1st period - Snap shot by Marco Scandella.
1:34 of 1st period - Stopped by Henrik Lundqvist with a rebound.
2:35 of 1st period - Wrist shot by Pierre-Marc Bouchard.
2:35 of 1st period - Shot Blocked by Brenden Morrow.
2:37 of 1st period - Wrist shot by Pierre-Marc Bouchard.
2:37 of 1st period - Shot Blocked by Brenden Morrow.
2:39 of 1st period - Slapshot by Shaone Morrisonn.
2:39 of 1st period - Stopped by Kari Lehtonen without a rebound.
2:40 of 1st period - Evgeny Dadonov wins face-off versus Henrik Sedin in Jets zone.
2:57 of 1st period - Wrist shot by Erik Haula.
2:57 of 1st period - Stopped by Henrik Lundqvist with a rebound.
3:28 of 1st period - Off-side.
3:29 of 1st period - Dustin Boyd wins face-off versus Derek Roy in neutral zone.
3:47 of 1st period - Minor Penalty to Derek Roy for Elbowing.
3:48 of 1st period - Erik Haula wins face-off versus Henrik Sedin in Jets zone.
4:02 of 1st period - Snap shot by Corey Perry.
4:02 of 1st period - Goal by Corey Perry - Canadiens : 1 - Jets : 0.
4:03 of 1st period - Derek Stepan wins face-off versus Henrik Sedin in neutral zone.
4:20 of 1st period - Wrist shot by Derek Stepan.
4:20 of 1st period - Shot Misses the Net.
5:22 of 1st period - Snap shot by Dustin Boyd.
5:22 of 1st period - Shot Misses the Net.
5:48 of 1st period - Snap shot by Derek Stepan.
5:48 of 1st period - Shot Misses the Net.
5:50 of 1st period - Slapshot by Marco Scandella.
5:50 of 1st period - Deflect By Evgeny Dadonov.
5:50 of 1st period - Stopped by Henrik Lundqvist without a rebound.
5:51 of 1st period - Ryan Johansen wins face-off versus Frans Nielsen in Canadiens zone.
5:54 of 1st period - Wrist shot by Nino Niederreiter.
5:54 of 1st period - Stopped by Henrik Lundqvist with a rebound.
5:56 of 1st period - Snap shot by Nino Niederreiter.
5:56 of 1st period - Stopped by Henrik Lundqvist with a rebound.
5:58 of 1st period - Slapshot by Oscar Klefbom.
5:58 of 1st period - Stopped by Henrik Lundqvist without a rebound.
5:59 of 1st period - Steve Downie wins face-off versus Ryan Johansen in Canadiens zone.
6:10 of 1st period - Wrist shot by Ryan Johansen.
6:10 of 1st period - Stopped by Henrik Lundqvist without a rebound.
6:11 of 1st period - Derek Stepan wins face-off versus Corey Perry in Canadiens zone.
6:14 of 1st period - Slapshot by Erik Haula.
6:14 of 1st period - Stopped by Henrik Lundqvist with a rebound.
6:16 of 1st period - Wrist shot by Erik Haula.
6:16 of 1st period - Stopped by Henrik Lundqvist without a rebound.
6:17 of 1st period - Henrik Sedin wins face-off versus Derek Stepan in Canadiens zone.
6:26 of 1st period - Snap shot by Benoit Pouliot.
6:26 of 1st period - Shot Blocked by Eric Gelinas.
6:31 of 1st period - Off-side.
6:32 of 1st period - Greg Stewart wins face-off versus Ryan Johansen in neutral zone.
6:37 of 1st period - Wrist shot by Frans Nielsen.
6:37 of 1st period - Shot Blocked by Marco Scandella.
7:06 of 1st period - Wrist shot by Corey Perry.
7:06 of 1st period - Shot Blocked by Oscar Klefbom.
7:08 of 1st period - Snap shot by Henrik Sedin.
7:08 of 1st period - Shot Blocked by Eric Gelinas.
7:22 of 1st period - Colton Parayko is hit by Brenden Morrow and loses puck.
7:43 of 1st period - Backhand shot by Marcus Johansson.
7:43 of 1st period - Stopped by Henrik Lundqvist without a rebound.
7:44 of 1st period - Henrik Sedin wins face-off versus Ryan Johansen in Canadiens zone.
8:22 of 1st period - Jacob Trouba is hit by Frans Nielsen and loses puck.
8:35 of 1st period - Viktor Stalberg is hit by Sam Gagner and loses puck.
8:56 of 1st period - Brenden Morrow is hit by Dustin Boyd and loses puck.
9:36 of 1st period - Slapshot by Ronalds Kenins.
9:36 of 1st period - Shot Blocked by Greg Stewart.
9:38 of 1st period - Slapshot by Jared Spurgeon.
9:38 of 1st period - Deflect By Derek Roy.
9:38 of 1st period - Stopped by Henrik Lundqvist without a rebound.
9:39 of 1st period - Frans Nielsen wins face-off versus Derek Roy in Canadiens zone.
9:56 of 1st period - Snap shot by Steve Downie.
9:56 of 1st period - Stopped by Kari Lehtonen with a rebound.
10:06 of 1st period - Henrik Sedin is hit by Tyler Myers and loses puck.
10:27 of 1st period - Snap shot by Pierre-Marc Bouchard.
10:27 of 1st period - Shot Misses the Net.
11:10 of 1st period - Snap shot by Dustin Boyd.
11:10 of 1st period - Stopped by Kari Lehtonen with a rebound.
11:36 of 1st period - Slapshot by Henrik Sedin.
11:36 of 1st period - Stopped by Kari Lehtonen with a rebound.
11:38 of 1st period - Snap shot by Bryce Lampman.
11:38 of 1st period - Deflect By Corey Perry.
11:38 of 1st period - Shot Blocked by Tyler Myers.
11:38 of 1st period - Puck is out of play.
11:39 of 1st period - Henrik Sedin wins face-off versus Derek Stepan in Jets zone.
12:23 of 1st period - Mark Stuart is hit by Jacob Trouba.
13:16 of 1st period - Tyler Myers is hit by Colton Parayko and loses puck.
13:35 of 1st period - Slapshot by Frans Nielsen.
13:35 of 1st period - Deflect By Kevin Hayes.
13:35 of 1st period - Stopped by Kari Lehtonen without a rebound.
13:36 of 1st period - Ryan Johansen wins face-off versus Frans Nielsen in Jets zone.
13:36 of 1st period - Nino Niederreiter is hit by Raphael Diaz and loses puck.
13:53 of 1st period - Wrist shot by Frans Nielsen.
13:53 of 1st period - Stopped by Kari Lehtonen with a rebound.
14:26 of 1st period - Slapshot by Raphael Diaz.
14:26 of 1st period - Shot Blocked by Jacob Trouba.
15:25 of 1st period - Greg Stewart is hit by Marcus Johansson and loses puck.
16:06 of 1st period - Slapshot by Greg Stewart.
16:06 of 1st period - Shot Misses the Net.
16:24 of 1st period - Snap shot by Nino Niederreiter.
16:24 of 1st period - Stopped by Henrik Lundqvist without a rebound.
16:25 of 1st period - Corey Perry wins face-off versus Derek Stepan in Canadiens zone.
16:27 of 1st period - Minor Penalty to Colton Parayko for Tripping.
16:28 of 1st period - Derek Stepan wins face-off versus Dustin Boyd in Canadiens zone.
17:24 of 1st period - Bryce Lampman is hit by Kevin Hayes and loses puck.
18:23 of 1st period - Minor Penalty to Oscar Klefbom for Hooking.
18:24 of 1st period - Pierre-Marc Bouchard wins face-off versus Erik Haula in Jets zone.
18:27 of 1st period - Penalty to Colton Parayko is over, Colton Parayko is back on ice.
18:46 of 1st period - Icing by Henrik Sedin.
18:47 of 1st period - Erik Haula wins face-off versus Henrik Sedin in Canadiens zone.
18:50 of 1st period - Snap shot by Ronalds Kenins.
18:50 of 1st period - Shot Misses the Net.
18:56 of 1st period - Slapshot by Vitaly Vishnevsky.
18:56 of 1st period - Shot Blocked by Marco Scandella.
18:58 of 1st period - Slapshot by Vitaly Vishnevsky.
18:58 of 1st period - Shot Misses the Net.
Goals for this period are 1 for Canadiens vs 0 for Jets.
Shots for this period are 7 for Canadiens vs 12 for Jets.
2nd period
0:01 of 2nd period - Corey Perry wins face-off versus Erik Haula in neutral zone.
0:23 of 2nd period - Penalty to Oscar Klefbom is over, Oscar Klefbom is back on ice.
0:36 of 2nd period - Wrist shot by Greg Stewart.
0:36 of 2nd period - Shot Misses the Net.
1:28 of 2nd period - Bryce Lampman is hit by Eric Gelinas and loses puck.
1:35 of 2nd period - Slapshot by Raphael Diaz.
1:35 of 2nd period - Shot Misses the Net.
2:20 of 2nd period - Slapshot by Bryce Lampman.
2:20 of 2nd period - Stopped by Kari Lehtonen without a rebound.
2:21 of 2nd period - Derek Stepan wins face-off versus Frans Nielsen in Jets zone.
2:21 of 2nd period - Derek Stepan is hit by Steve Downie.
2:29 of 2nd period - Slapshot by Marco Scandella.
2:29 of 2nd period - Shot Misses the Net.
2:39 of 2nd period - Snap shot by Frans Nielsen.
2:39 of 2nd period - Stopped by Kari Lehtonen without a rebound.
2:40 of 2nd period - Derek Roy wins face-off versus Henrik Sedin in Jets zone.
2:40 of 2nd period - Derek Roy is hit by Corey Perry.
2:54 of 2nd period - Slapshot by Derek Roy.
2:54 of 2nd period - Shot Blocked by Henrik Sedin.
3:59 of 2nd period - Minor Penalty to Greg Stewart for Holding.
4:00 of 2nd period - Dustin Boyd wins face-off versus Derek Stepan in Canadiens zone.
4:08 of 2nd period - Steve Downie is hit by Nino Niederreiter and loses puck.
4:27 of 2nd period - Marco Scandella is hit by Benoit Pouliot and loses puck.
4:38 of 2nd period - Slapshot by Oscar Klefbom.
4:38 of 2nd period - Shot Misses the Net.
4:48 of 2nd period - Steve Downie is hit by Nino Niederreiter and loses puck.
5:01 of 2nd period - Minor Penalty to Tyler Myers for Holding.
5:02 of 2nd period - Derek Stepan wins face-off versus Pierre-Marc Bouchard in Jets zone.
5:26 of 2nd period - Icing by Eric Gelinas.
5:27 of 2nd period - Derek Stepan wins face-off versus Corey Perry in Jets zone.
5:59 of 2nd period - Penalty to Greg Stewart is over, Greg Stewart is back on ice.
6:15 of 2nd period - Slapshot by Henrik Sedin.
6:15 of 2nd period - Shot Misses the Net.
6:17 of 2nd period - Snap shot by Henrik Sedin.
6:17 of 2nd period - Shot Misses the Net.
6:19 of 2nd period - Snap shot by Henrik Sedin.
6:19 of 2nd period - Shot Misses the Net.
6:23 of 2nd period - Snap shot by Greg Stewart.
6:23 of 2nd period - Goal by Greg Stewart - Canadiens : 2 - Jets : 0.
6:24 of 2nd period - Henrik Sedin wins face-off versus Derek Stepan in neutral zone.
6:27 of 2nd period - Snap shot by Corey Perry.
6:27 of 2nd period - Stopped by Kari Lehtonen with a rebound.
6:32 of 2nd period - Off-side.
6:33 of 2nd period - Derek Stepan wins face-off versus Henrik Sedin in neutral zone.
6:50 of 2nd period - Wrist shot by Henrik Sedin.
6:50 of 2nd period - Stopped by Kari Lehtonen without a rebound.
6:51 of 2nd period - Dustin Boyd wins face-off versus Ryan Johansen in Jets zone.
7:25 of 2nd period - Henrik Sedin is hit by Evgeny Dadonov and loses puck.
8:21 of 2nd period - Slapshot by Colton Parayko.
8:21 of 2nd period - Shot Blocked by Jared Spurgeon.
8:23 of 2nd period - Slapshot by Bryce Lampman.
8:23 of 2nd period - Stopped by Kari Lehtonen with a rebound.
8:25 of 2nd period - Snap shot by Colton Parayko.
8:25 of 2nd period - Stopped by Kari Lehtonen with a rebound.
8:42 of 2nd period - Snap shot by Frans Nielsen.
8:42 of 2nd period - Stopped by Kari Lehtonen with a rebound.
8:48 of 2nd period - Slapshot by Greg Stewart.
8:48 of 2nd period - Shot Misses the Net.
8:50 of 2nd period - Slapshot by Mark Stuart.
8:50 of 2nd period - Deflect By Frans Nielsen.
8:50 of 2nd period - Shot Misses the Net.
8:50 of 2nd period - Puck is out of play.
8:51 of 2nd period - Derek Stepan wins face-off versus Henrik Sedin in Jets zone.
9:52 of 2nd period - Wrist shot by Derek Roy.
9:52 of 2nd period - Stopped by Henrik Lundqvist with a rebound.
10:02 of 2nd period - Ryan Johansen is hit by Vitaly Vishnevsky.
10:06 of 2nd period - Snap shot by Nino Niederreiter.
10:06 of 2nd period - Stopped by Henrik Lundqvist without a rebound.
10:07 of 2nd period - Pierre-Marc Bouchard wins face-off versus Derek Stepan in Canadiens zone.
10:07 of 2nd period - Pierre-Marc Bouchard is hit by Erik Haula.
10:10 of 2nd period - Minor Penalty to Pierre-Marc Bouchard for Hooking.
10:11 of 2nd period - Nino Niederreiter wins face-off versus Dustin Boyd in Canadiens zone.
10:14 of 2nd period - Minor Penalty to Marcus Johansson for Slashing.
10:15 of 2nd period - Corey Perry wins face-off versus Derek Stepan in Jets zone.
10:24 of 2nd period - Snap shot by Henrik Sedin.
10:24 of 2nd period - Shot Misses the Net.
10:42 of 2nd period - Derek Stepan is hit by Corey Perry and loses puck.
11:40 of 2nd period - Marco Scandella is hit by Benoit Pouliot and loses puck.
12:05 of 2nd period - Vitaly Vishnevsky is hit by Tyler Myers.
12:10 of 2nd period - Penalty to Pierre-Marc Bouchard is over, Pierre-Marc Bouchard is back on ice.
12:14 of 2nd period - Penalty to Marcus Johansson is over, Marcus Johansson is back on ice.
12:25 of 2nd period - Snap shot by Pierre-Marc Bouchard.
12:25 of 2nd period - Shot Misses the Net.
12:27 of 2nd period - Slapshot by Bryce Lampman.
12:27 of 2nd period - Shot Blocked by Jacob Trouba.
12:33 of 2nd period - Slapshot by Frans Nielsen.
12:33 of 2nd period - Stopped by Kari Lehtonen with a rebound.
12:35 of 2nd period - Snap shot by Pierre-Marc Bouchard.
12:35 of 2nd period - Deflect By Frans Nielsen.
12:35 of 2nd period - Shot Blocked by Jared Spurgeon.
12:35 of 2nd period - Puck is out of play.
12:36 of 2nd period - Dustin Boyd wins face-off versus Ryan Johansen in Jets zone.
12:45 of 2nd period - Wrist shot by Dustin Boyd.
12:45 of 2nd period - Goal by Dustin Boyd - Canadiens : 3 - Jets : 0.
12:46 of 2nd period - Benoit Pouliot wins face-off versus Derek Stepan in neutral zone.
13:13 of 2nd period - Nino Niederreiter is hit by Frans Nielsen and loses puck.
14:07 of 2nd period - Wrist shot by Derek Stepan.
14:07 of 2nd period - Shot Misses the Net.
14:15 of 2nd period - Snap shot by Evgeny Dadonov.
14:15 of 2nd period - Shot Blocked by Greg Stewart.
14:49 of 2nd period - Wrist shot by Marcus Johansson.
14:49 of 2nd period - Shot Misses the Net.
14:53 of 2nd period - Snap shot by Marcus Johansson.
14:53 of 2nd period - Stopped by Henrik Lundqvist without a rebound.
14:54 of 2nd period - Henrik Sedin wins face-off versus Derek Stepan in Canadiens zone.
15:50 of 2nd period - Pierre-Marc Bouchard is hit by Brenden Morrow and loses puck.
16:09 of 2nd period - Snap shot by Henrik Sedin.
16:09 of 2nd period - Stopped by Kari Lehtonen without a rebound.
16:10 of 2nd period - Evgeny Dadonov wins face-off versus Dustin Boyd in Jets zone.
16:10 of 2nd period - Evgeny Dadonov is hit by Brett Maclean.
16:17 of 2nd period - Off-side.
16:18 of 2nd period - Dustin Boyd wins face-off versus Derek Stepan in neutral zone.
16:30 of 2nd period - Wrist shot by Derek Stepan.
16:30 of 2nd period - Shot Misses the Net.
16:36 of 2nd period - Backhand shot by Derek Stepan.
16:36 of 2nd period - Stopped by Henrik Lundqvist without a rebound.
16:37 of 2nd period - Ryan Johansen wins face-off versus Henrik Sedin in Canadiens zone.
16:47 of 2nd period - Minor Penalty to Henrik Sedin for Holding.
16:48 of 2nd period - Dustin Boyd wins face-off versus Nino Niederreiter in Canadiens zone.
17:04 of 2nd period - Slapshot by Tyler Myers.
17:04 of 2nd period - Stopped by Henrik Lundqvist with a rebound.
17:23 of 2nd period - Wrist shot by Erik Haula.
17:23 of 2nd period - Goal by Erik Haula - Canadiens : 3 - Jets : 1.
17:24 of 2nd period - Derek Stepan wins face-off versus Benoit Pouliot in neutral zone.
17:31 of 2nd period - Marco Scandella is hit by Corey Perry and loses puck.
17:50 of 2nd period - Steve Downie is hit by Ryan Johansen and loses puck.
18:38 of 2nd period - Slapshot by Derek Stepan.
18:38 of 2nd period - Stopped by Henrik Lundqvist with a rebound.
18:54 of 2nd period - Snap shot by Ronalds Kenins.
18:54 of 2nd period - Shot Blocked by Henrik Sedin.
18:56 of 2nd period - Wrist shot by Kevin Hayes.
18:56 of 2nd period - Shot Misses the Net.
18:58 of 2nd period - Wrist shot by Kevin Hayes.
18:58 of 2nd period - Stopped by Henrik Lundqvist with a rebound.
19:00 of 2nd period - Snap shot by Kevin Hayes.
19:00 of 2nd period - Stopped by Henrik Lundqvist without a rebound.
19:01 of 2nd period - Henrik Sedin wins face-off versus Ryan Johansen in Canadiens zone.
19:16 of 2nd period - Nino Niederreiter is hit by Henrik Sedin and loses puck.
19:39 of 2nd period - Slapshot by Evgeny Dadonov.
19:39 of 2nd period - Stopped by Henrik Lundqvist without a rebound.
19:40 of 2nd period - Derek Stepan wins face-off versus Henrik Sedin in Canadiens zone.
19:47 of 2nd period - Wrist shot by Evgeny Dadonov.
19:47 of 2nd period - Shot Misses the Net.
19:49 of 2nd period - Snap shot by Evgeny Dadonov.
19:49 of 2nd period - Shot Misses the Net.
19:51 of 2nd period - Wrist shot by Derek Stepan.
19:51 of 2nd period - Stopped by Henrik Lundqvist without a rebound.
19:52 of 2nd period - Derek Stepan wins face-off versus Henrik Sedin in Canadiens zone.
Goals for this period are 2 for Canadiens vs 1 for Jets.
Shots for this period are 11 for Canadiens vs 11 for Jets.
3rd period
0:01 of 3rd period - Henrik Sedin wins face-off versus Derek Stepan in neutral zone.
0:16 of 3rd period - Wrist shot by Benoit Pouliot.
0:16 of 3rd period - Stopped by Kari Lehtonen without a rebound.
0:17 of 3rd period - Marcus Johansson wins face-off versus Frans Nielsen in Jets zone.
0:29 of 3rd period - Wrist shot by Nino Niederreiter.
0:29 of 3rd period - Deflect By Marcus Johansson.
0:29 of 3rd period - Stopped by Henrik Lundqvist without a rebound.
0:30 of 3rd period - Henrik Sedin wins face-off versus Derek Stepan in Canadiens zone.
0:57 of 3rd period - Mark Stuart is hit by Marcus Johansson and loses puck.
1:37 of 3rd period - Slapshot by Pierre-Marc Bouchard.
1:37 of 3rd period - Stopped by Kari Lehtonen with a rebound.
2:45 of 3rd period - Enver Lisin is hit by Jacob Trouba and loses puck.
3:10 of 3rd period - Vitaly Vishnevsky is hit by Kevin Hayes and loses puck.
3:15 of 3rd period - Wrist shot by Derek Roy.
3:15 of 3rd period - Stopped by Henrik Lundqvist with a rebound.
3:17 of 3rd period - Slapshot by Jacob Trouba.
3:17 of 3rd period - Stopped by Henrik Lundqvist with a rebound.
3:31 of 3rd period - Snap shot by Corey Perry.
3:31 of 3rd period - Shot Misses the Net.
3:34 of 3rd period - Icing by Jacob Trouba.
3:35 of 3rd period - Derek Stepan wins face-off versus Benoit Pouliot in Jets zone.
3:50 of 3rd period - Wrist shot by Derek Stepan.
3:50 of 3rd period - Stopped by Henrik Lundqvist with a rebound.
4:02 of 3rd period - Oscar Klefbom is hit by Mark Stuart and loses puck.
4:31 of 3rd period - Slapshot by Dustin Boyd.
4:31 of 3rd period - Stopped by Kari Lehtonen with a rebound.
4:33 of 3rd period - Slapshot by Vitaly Vishnevsky.
4:33 of 3rd period - Shot Blocked by Tyler Myers.
4:35 of 3rd period - Slapshot by Enver Lisin.
4:35 of 3rd period - Shot Misses the Net.
4:37 of 3rd period - Snap shot by Dustin Boyd.
4:37 of 3rd period - Stopped by Kari Lehtonen with a rebound.
4:52 of 3rd period - Minor Penalty to Ronalds Kenins for Delaying the game.
4:53 of 3rd period - Erik Haula wins face-off versus Henrik Sedin in Jets zone.
5:23 of 3rd period - Erik Haula is hit by Colton Parayko and loses puck.
5:30 of 3rd period - Wrist shot by Greg Stewart.
5:30 of 3rd period - Stopped by Kari Lehtonen without a rebound.
5:31 of 3rd period - Henrik Sedin wins face-off versus Erik Haula in Jets zone.
5:32 of 3rd period - Snap shot by Benoit Pouliot.
5:32 of 3rd period - Shot Misses the Net.
6:04 of 3rd period - Backhand shot by Frans Nielsen.
6:04 of 3rd period - Shot Misses the Net.
6:19 of 3rd period - Marco Scandella is hit by Greg Stewart and loses puck.
6:52 of 3rd period - Penalty to Ronalds Kenins is over, Ronalds Kenins is back on ice.
6:59 of 3rd period - Snap shot by Kevin Hayes.
6:59 of 3rd period - Shot Misses the Net.
7:01 of 3rd period - Slapshot by Eric Gelinas.
7:01 of 3rd period - Shot Blocked by Brett Maclean.
8:13 of 3rd period - Brett Maclean is hit by Derek Roy and loses puck.
8:32 of 3rd period - Bryce Lampman is hit by Tyler Myers and loses puck.
9:05 of 3rd period - Slapshot by Henrik Sedin.
9:05 of 3rd period - Shot Hit the Post.
9:48 of 3rd period - Snap shot by Derek Roy.
9:48 of 3rd period - Stopped by Henrik Lundqvist without a rebound.
9:49 of 3rd period - Derek Stepan wins face-off versus Pierre-Marc Bouchard in Canadiens zone.
9:49 of 3rd period - Derek Stepan is hit by Vitaly Vishnevsky.
10:01 of 3rd period - Oscar Klefbom is hit by Pierre-Marc Bouchard and loses puck.
10:06 of 3rd period - Slapshot by Pierre-Marc Bouchard.
10:06 of 3rd period - Shot Blocked by Evgeny Dadonov.
10:18 of 3rd period - Wrist shot by Evgeny Dadonov.
10:18 of 3rd period - Shot Misses the Net.
10:20 of 3rd period - Slapshot by Eric Gelinas.
10:20 of 3rd period - Stopped by Henrik Lundqvist with a rebound.
10:22 of 3rd period - Snap shot by Evgeny Dadonov.
10:22 of 3rd period - Goal by Evgeny Dadonov - Canadiens : 3 - Jets : 2.
10:23 of 3rd period - Henrik Sedin wins face-off versus Ryan Johansen in neutral zone.
10:38 of 3rd period - Wrist shot by Benoit Pouliot.
10:38 of 3rd period - Shot Misses the Net.
10:50 of 3rd period - Marco Scandella is hit by Colton Parayko and loses puck.
11:24 of 3rd period - Minor Penalty to Dustin Boyd for High sticking.
11:25 of 3rd period - Frans Nielsen wins face-off versus Derek Stepan in Canadiens zone.
12:35 of 3rd period - Henrik Sedin is hit by Nino Niederreiter and loses puck.
13:24 of 3rd period - Penalty to Dustin Boyd is over, Dustin Boyd is back on ice.
13:34 of 3rd period - Slapshot by Shaone Morrisonn.
13:34 of 3rd period - Stopped by Kari Lehtonen without a rebound.
13:35 of 3rd period - Sam Gagner wins face-off versus Pierre-Marc Bouchard in Jets zone.
14:00 of 3rd period - Brenden Morrow is hit by Enver Lisin and loses puck.
14:05 of 3rd period - Wrist shot by Brett Maclean.
14:05 of 3rd period - Stopped by Kari Lehtonen with a rebound.
14:07 of 3rd period - Slapshot by Brett Maclean.
14:07 of 3rd period - Deflect By Jared Spurgeon.
14:07 of 3rd period - Goal by Brett Maclean - Canadiens : 4 - Jets : 2.
14:08 of 3rd period - Derek Stepan wins face-off versus Henrik Sedin in neutral zone.
14:56 of 3rd period - Brett Maclean is hit by Nino Niederreiter and loses puck.
15:11 of 3rd period - Slapshot by Kevin Hayes.
15:11 of 3rd period - Shot Blocked by Colton Parayko.
15:30 of 3rd period - Minor Penalty to Eric Gelinas for Hooking.
15:31 of 3rd period - Erik Haula wins face-off versus Henrik Sedin in Jets zone.
15:57 of 3rd period - Tyler Myers is hit by Steve Downie and loses puck.
16:02 of 3rd period - Snap shot by Greg Stewart.
16:02 of 3rd period - Deflect By Steve Downie.
16:02 of 3rd period - Shot Misses the Net.
16:02 of 3rd period - Puck is out of play.
16:03 of 3rd period - Erik Haula wins face-off versus Frans Nielsen in Jets zone.
16:40 of 3rd period - Steve Downie is hit by Ryan Johansen and loses puck.
16:47 of 3rd period - Oscar Klefbom is hit by Greg Stewart and loses puck.
16:54 of 3rd period - Snap shot by Frans Nielsen.
16:54 of 3rd period - Shot Blocked by Oscar Klefbom.
16:56 of 3rd period - Wrist shot by Frans Nielsen.
16:56 of 3rd period - Stopped by Kari Lehtonen with a rebound.
16:58 of 3rd period - Wrist shot by Steve Downie.
16:58 of 3rd period - Stopped by Kari Lehtonen with a rebound.
17:00 of 3rd period - Snap shot by Frans Nielsen.
17:00 of 3rd period - Shot Misses the Net.
17:04 of 3rd period - Wrist shot by Steve Downie.
17:04 of 3rd period - Stopped by Kari Lehtonen with a rebound.
17:06 of 3rd period - Slapshot by Bryce Lampman.
17:06 of 3rd period - Shot Misses the Net.
17:08 of 3rd period - Snap shot by Vitaly Vishnevsky.
17:08 of 3rd period - Shot Blocked by Jacob Trouba.
17:20 of 3rd period - Slapshot by Steve Downie.
17:20 of 3rd period - Shot Misses the Net.
17:22 of 3rd period - Slapshot by Bryce Lampman.
17:22 of 3rd period - Shot Misses the Net.
17:24 of 3rd period - Wrist shot by Frans Nielsen.
17:24 of 3rd period - Stopped by Kari Lehtonen with a rebound.
17:26 of 3rd period - Slapshot by Bryce Lampman.
17:26 of 3rd period - Shot Blocked by Jacob Trouba.
17:28 of 3rd period - Snap shot by Vitaly Vishnevsky.
17:28 of 3rd period - Shot Misses the Net.
17:30 of 3rd period - Penalty to Eric Gelinas is over, Eric Gelinas is back on ice.
17:30 of 3rd period - Slapshot by Frans Nielsen.
17:30 of 3rd period - Shot Misses the Net.
17:32 of 3rd period - Snap shot by Steve Downie.
17:32 of 3rd period - Stopped by Kari Lehtonen without a rebound.
17:33 of 3rd period - Dustin Boyd wins face-off versus Sam Gagner in Jets zone.
17:42 of 3rd period - Slapshot by Enver Lisin.
17:42 of 3rd period - Shot Misses the Net.
17:44 of 3rd period - Snap shot by Enver Lisin.
17:44 of 3rd period - Stopped by Kari Lehtonen without a rebound.
17:45 of 3rd period - Derek Roy wins face-off versus Dustin Boyd in Jets zone.
17:52 of 3rd period - Raphael Diaz is hit by Kevin Hayes and loses puck.
18:17 of 3rd period - Minor Penalty to Raphael Diaz for Slashing.
18:18 of 3rd period - Derek Stepan wins face-off versus Steve Downie in Canadiens zone.
18:32 of 3rd period - Snap shot by Derek Stepan.
18:32 of 3rd period - Goal by Derek Stepan - Canadiens : 4 - Jets : 3.
18:33 of 3rd period - Derek Roy wins face-off versus Dustin Boyd in neutral zone.
18:59 of 3rd period - Marcus Johansson is hit by Raphael Diaz and loses puck.
19:04 of 3rd period - Snap shot by Frans Nielsen.
19:04 of 3rd period - Stopped by Kari Lehtonen without a rebound.
19:05 of 3rd period - Marc Crawford call a timeout for Jets.
19:05 of 3rd period - Derek Stepan wins face-off versus Frans Nielsen in Jets zone.
19:10 of 3rd period - Jets, Kari Lehtonen is pulled from the net.
19:36 of 3rd period - Backhand shot by Derek Stepan.
19:36 of 3rd period - Stopped by Henrik Lundqvist without a rebound.
19:37 of 3rd period - Greg Stewart wins face-off versus Derek Stepan in Canadiens zone.
19:58 of 3rd period - Wrist shot by Marcus Johansson.
19:58 of 3rd period - Shot Misses the Net.
Goals for this period are 1 for Canadiens vs 2 for Jets.
Shots for this period are 15 for Canadiens vs 9 for Jets.
Back to the Top